 Dungeon Crawl Stone Soup version 0.28-a0-381-g937acc2988 (webtiles) character file.

Game seed: 3258412250366142645

11661 Spaninq the Basher (level 11, -12/110 HPs)
             Began as a Troll Earth Elementalist on Sept 1, 2021.
             Was an Elder of Vehumet.
             Mangled by an entropy weaver simulacrum (34 damage)
             ... in an ice cave.
             The game lasted 00:45:11 (10910 turns).

Spaninq the Basher (Troll Earth Elementalist)      Turns: 10910, Time: 00:45:12

Health: -12/110    AC:  7    Str: 25    XL:     11   Next: 52%
Magic:  14/14      EV: 10    Int: 19    God:    Vehumet [****..]
Gold:   716        SH:  0    Dex: 10    Spells: 8/16 levels left

rFire   . . .      SeeInvis .   m - +2 demon whip (elec)
rCold   . . .      Faith    .   (no shield)
rNeg    . . .      Spirit   .   I - +0 troll leather armour
rPois   .          Reflect  .   (helmet restricted)
rElec   .          Harm     .   n - +0 cloak
rCorr   .          Rampage  .   (gloves unavailable)
Will    .....                   (boots unavailable)
Stlth   +.........              C - amulet of regeneration
HPRegen 3.28/turn               a - +6 ring of intelligence
MPRegen 0.14/turn               o - +6 ring of strength

@: studying Ice Magic
A: large, unfitting armour, claws 3, regeneration 1, shaggy fur 1, tough skin 1
a: Renounce Religion


You were in an ice cave.
You worshipped Vehumet.
Vehumet was greatly pleased with you.
You visited 3 branches of the dungeon, and saw 12 of its levels.
You also visited: Sewer and Ice Cave.

You collected 716 gold pieces.

Inventory:

Hand Weapons
 m - a +2 demon whip of electrocution (weapon)
 B - a +2 mace of venom
Missiles
 c - 345 stones
 G - a throwing net
Armour
 n - a +0 cloak (worn)
 I - a +0 troll leather armour (worn)
Magical Staves
 y - a staff of earth
Jewellery
 a - a +6 ring of intelligence (left claw)
 h - an amulet of magic regeneration
 o - a +6 ring of strength (right claw)
 t - a ring of wizardry
 C - an amulet of regeneration (around neck)
Wands
 k - a wand of charming (15)
 p - a wand of flame (23)
 r - a wand of iceblast (28)
 x - a wand of acid (4)
 E - a wand of digging (12)
 J - a wand of polymorph (5)
Scrolls
 b - a scroll of immolation
 d - a scroll of silence
 e - a scroll of fear
 f - 5 scrolls of teleportation
 i - 2 scrolls of amnesia
 D - a scroll of holy word
 F - a scroll of enchant armour
 K - a scroll of identify
Potions
 g - 4 potions of curing
 l - 2 potions of brilliance
 q - 5 potions of haste
 s - a potion of resistance
 u - 3 potions of mutation
 v - 2 potions of berserk rage
 w - a potion of ambrosia
 z - 2 potions of flight
 A - a potion of lignification


   Skills:
 + Level 7.7 Fighting
 * Level 11.6 Maces & Flails
 - Level 3.1 Armour
 - Level 3.0 Dodging
 - Level 1.0 Stealth
 - Level 2.5 Unarmed Combat
 - Level 3.0 Spellcasting
 - Level 0.6 Transmutations
 + Level 6.2 Earth Magic


You had 8 spell levels left.
You knew the following spells:

 Your Spells              Type           Power      Damage    Failure   Level
a - Sandblast             Erth           52%        2d12      1%          1
b - Passwall              Tmut/Erth      12%        N/A       6%          2
c - Lee's Rapid Deconstr  Erth           13%        3d10*     10%         5

Your spell library contained the following spells:

 Spells                   Type           Power      Damage    Failure   Level
 Olgreb's Toxic Radiance  Pois           2%         N/A       38%         4
 Magic Dart               Conj           8%         1d3       4%          1
 Stone Arrow              Conj/Erth      28%        3d8       4%          3
 Searing Ray              Conj           4%         3d3       7%          2
 Pain                     Necr           8%         1d4       17%         1
 Summon Small Mammal      Summ           8%         N/A       17%         1
 Ensorcelled Hibernation  Hex/Ice        4%         N/A       26%         2
 Fulminant Prism          Conj/Hex       1%         3d6       38%         4
 Petrify                  Tmut/Erth      15%        N/A       38%         4
 Call Canine Familiar     Summ           2%         N/A       45%         3
 Summon Guardian Golem    Hex/Summ       2%         N/A       45%         3
 Swiftness                Air            2%         N/A       45%         3
 Agony                    Necr           2%         N/A       99%         5
 Excruciating Wounds      Necr           1%         N/A       99%         5
 Invisibility             Hex            1%         N/A       100%        6
 Simulacrum               Ice/Necr       1%         N/A       100%        6
 Necromutation            Tmut/Necr      1%         N/A       100%        8


Dungeon Overview and Level Annotations

Branches:
Dungeon (10/15)            Temple (1/1) D:6            Lair (1/6) D:8
    Orc (0/2) D:10          Sewer (visited)           IceCv (1/1)

Altars:
Ashenzari
Cheibriados
Dithmenos
Elyvilon
Fedhas
Gozag
Hepliaklqana
Kikubaaqudgha
Makhleb
Nemelex Xobeh
Okawaru
Qazlal
Ru
Sif Muna
Trog
Uskayaw
Vehumet
Wu Jian
Xom
Yredelemnul
Zin
The Shining One

Shops:
D:1 (


Innate Abilities, Weirdness & Mutations

You are too large for most types of armour.
You have claws for hands.
Your natural rate of healing is unusually fast.
You are covered in fur. (AC +1)
You have tough skin. (AC +1)


Message History

The dire elephant simulacrum is almost destroyed.
The dire elephant simulacrum tramples you!!
You hold your ground!
The dire elephant simulacrum trunk-slaps you.
The dire elephant simulacrum freezes you!!
You whack the dire elephant simulacrum!
The dire elephant simulacrum vaporises!
Vehumet accepts your kill.
You start resting.
HP restored.
An entropy weaver simulacrum comes into view.
You hit the entropy weaver simulacrum.
The entropy weaver simulacrum is lightly damaged.
The entropy weaver simulacrum hits you but does no damage.
The entropy weaver simulacrum hits you.
The entropy weaver simulacrum freezes you!
The entropy weaver simulacrum hits you.
The entropy weaver simulacrum freezes you!
The entropy weaver simulacrum hits you.
The entropy weaver simulacrum freezes you!
You whack the entropy weaver simulacrum!
The entropy weaver simulacrum is heavily damaged.
You barely miss the entropy weaver simulacrum.
The entropy weaver simulacrum is heavily damaged.
The entropy weaver simulacrum hits you but does no damage.
The entropy weaver simulacrum closely misses you.
The entropy weaver simulacrum hits you.
The entropy weaver simulacrum freezes you!!
The entropy weaver simulacrum hits you but does no damage.
You hit the entropy weaver simulacrum but do no damage.
The entropy weaver simulacrum is heavily damaged.
You whack the entropy weaver simulacrum!
The entropy weaver simulacrum is severely damaged.
The entropy weaver simulacrum hits you.
The entropy weaver simulacrum freezes you!
* * * LOW HITPOINT WARNING * * *
The entropy weaver simulacrum hits you.
* * * LOW HITPOINT WARNING * * *
The entropy weaver simulacrum freezes you!!
You die...

?##≈#≈##
≈≈≈≈≈≈≈#.# }[
#####
#≈≈≈≈≈≈#.##
###≈≈≈≈≈≈##.#
##.##≈≈#≈≈##.#
...##≈##≈#..#
#..######..#
#.#.#.#...#
#.Z#..#...#
##@.##...##
#.###..##
##.##.##
#.##..#
##.##.##
.##..# ####..#
##.# .#


You could see an entropy weaver simulacrum.

Vanquished Creatures
  3 death yaks
  A two-headed ogre (D:9)
  Pikel (D:4)
  An ice statue (IceCv)
  A cane toad (Lair:1)
  2 komodo dragons (Lair:1)
  An anaconda simulacrum (IceCv)
  A troll (D:9)
  Prince Ribbit (D:7)
  8 yaks
  A dire elephant simulacrum (IceCv)
  A wyvern (Lair:1)
  A steam dragon (D:6)
  4 death yak simulacra (IceCv)
  2 wargs (D:10)
  An acid dragon (D:8)
  A water moccasin (D:6)
  An ice beast (D:7)
  3 orc warriors
  A sky beast (D:5)
  2 black bears
  An ogre (D:4)
  3 wolves (Lair:1)
  A centaur (D:10)
  A phantom (D:7)
  4 kobold brigands
  5 bullfrogs
  A scorpion (D:4)
  7 two-headed ogre simulacra (IceCv)
  A gnoll sergeant (D:10)
  3 cane toad simulacra (IceCv)
  6 killer bees
  2 elephant simulacra (IceCv)
  2 howler monkeys
  An electric eel (D:8)
  A bullfrog zombie (D:6)
  5 centaur zombies
  6 orc priests
  Crazy Yiuf (D:7)
  4 hounds
  A centaur skeleton (D:5)
  A gnoll shaman (D:7)
  A jelly (D:5)
  A bullfrog skeleton (D:5)
  An iguana (D:4)
  6 orc wizards
  2 hell rats (D:8)
  5 spriggan simulacra (IceCv)
  3 troll simulacra (IceCv)
  A killer bee zombie (D:6)
  A hound zombie (D:5)
  A hound skeleton (D:4)
  A howler monkey zombie (D:7)
  19 gnolls
  7 naga simulacra (IceCv)
  11 adders
  2 howler monkey skeletons (D:6)
  A river rat (D:7)
  6 white imps
  5 ufetubi (IceCv)
  3 worms
  4 dart slugs
  33 orcs
  6 bats
  8 endoplasms
  7 giant cockroaches
  9 goblins
  7 hobgoblins
  4 jackals (D:1)
  12 quokkas
  8 ball pythons
  5 frilled lizards
  11 kobolds
  14 rats
300 creatures vanquished.

Vanquished Creatures (others)
  A fungus (Lair:1)
  7 plants (D:8)
8 creatures vanquished.

Grand Total: 308 creatures vanquished

Notes
Turn   | Place    | Note
-------+----------+-------------------------------------------
     0 | D:1      | Spaninq the Troll Earth Elementalist began the quest for
                  | the Orb.
     0 | D:1      | Reached XP level 1. HP: 16/16 MP: 1/1
    89 | D:1      | Reached skill level 1 in Unarmed Combat
    90 | D:1      | Reached XP level 2. HP: 26/26 MP: 2/2
   698 | D:1      | Found Kucle's Weapon Boutique.
   781 | D:2      | Reached XP level 3. HP: 32/32 MP: 3/3
   812 | D:2      | Reached skill level 1 in Fighting
  1136 | D:2      | Reached XP level 4. HP: 41/41 MP: 4/4
  1881 | D:4      | Reached skill level 1 in Maces & Flails
  1965 | D:4      | Noticed Pikel
  1965 | D:4      | Noticed a lemure
  1969 | D:4      | Noticed a lemure
  1969 | D:4      | Noticed a lemure
  1970 | D:4      | Noticed a lemure
  2162 | D:4      | Noticed an ogre
  2170 | D:4      | Killed an ogre
  2171 | D:4      | Reached skill level 2 in Maces & Flails
  2171 | D:4      | Reached XP level 5. HP: 39/49 MP: 2/5
  2248 | D:4      | Reached XP level 6. HP: 57/57 MP: 6/6
  2270 | D:4      | Reached skill level 3 in Maces & Flails
  2336 | D:5      | Entered Level 5 of the Dungeon
  2360 | D:5      | Noticed a sky beast
  2396 | D:5      | Killed a sky beast
  2511 | D:5      | Reached XP level 7. HP: 65/66 MP: 7/7
  2559 | D:5      | Found a glowing drain.
  2577 | Sewer    | Entered a sewer
  2669 | Sewer    | Reached skill level 4 in Maces & Flails
  2941 | Sewer    | Reached skill level 1 in Armour
  3450 | D:5      | Reached skill level 5 in Maces & Flails
  3685 | D:4      | Killed Pikel
  3686 | D:4      | Reached skill level 6 in Maces & Flails
  3686 | D:4      | Reached XP level 8. HP: 22/78 MP: 8/8
  4284 | D:6      | Reached skill level 7 in Maces & Flails
  4297 | D:6      | Reached XP level 9. HP: 77/85 MP: 9/9
  4356 | D:6      | Reached skill level 5 in Fighting
  4489 | D:6      | Found a staircase to the Ecumenical Temple.
  4498 | Temple   | Entered the Ecumenical Temple
  4827 | Temple   | Became a worshipper of Vehumet
  5078 | D:6      | Reached skill level 8 in Maces & Flails
  5933 | D:7      | Found a runed translucent door.
  5934 | D:7      | Noticed Crazy Yiuf
  5941 | D:7      | Killed Crazy Yiuf
  6434 | D:8      | Noticed Prince Ribbit
  6437 | D:8      | Noticed a death yak
  6628 | D:8      | Noticed a death yak
  6628 | D:8      | Noticed a death yak
  6703 | D:7      | Killed a death yak
  6703 | D:7      | Reached * piety under Vehumet
  6703 | D:7      | Offered knowledge of Freeze by Vehumet.
  6704 | D:7      | Reached skill level 9 in Maces & Flails
  6704 | D:7      | Reached XP level 10. HP: 98/98 MP: 12/12
  6726 | D:8      | Found a staircase to the Lair.
  6840 | D:8      | Got Boch's Tome of Beguiling and Evil Secrets
  6844 | D:8      | Learned a level 2 spell: Passwall
  7036 | D:8      | Killed a death yak
  7127 | D:7      | Killed a death yak
  7163 | D:7      | Killed Prince Ribbit
  7501 | D:8      | Reached skill level 10 in Maces & Flails
  7645 | D:9      | Noticed a two-headed ogre
  8042 | D:9      | Killed a two-headed ogre
  8043 | D:9      | Reached skill level 5 in Earth Magic
  8316 | D:9      | Reached ** piety under Vehumet
  8394 | D:9      | Offered knowledge of Shock by Vehumet.
  8530 | D:10     | Entered Level 10 of the Dungeon
  8573 | D:10     | Found a stormy altar of Qazlal.
  8667 | D:10     | Reached XP level 11. HP: 91/109 MP: 14/14
  8696 | D:10     | Found a staircase to the Orcish Mines.
  8916 | D:10     | Offered knowledge of Dazzling Flash by Vehumet.
  9427 | Lair:1   | Entered Level 1 of the Lair of Beasts
  9476 | Lair:1   | Reached skill level 11 in Maces & Flails
  9622 | Lair:1   | Found a frozen archway.
  9644 | IceCv    | Entered an ice cave
  9656 | IceCv    | Reached *** piety under Vehumet
  9783 | IceCv    | Learned a level 5 spell: Lee's Rapid Deconstruction
 10033 | IceCv    | Offered knowledge of Olgreb's Toxic Radiance by Vehumet.
 10445 | IceCv    | Reached **** piety under Vehumet
 10910 | IceCv    | Mangled by an entropy weaver simulacrum

Illustrated notes

Levels and vault maps discovered:
D:1:      psy_arrival_basics, layout_basic, serial_shops, shop_fountains,
          minmay_tetromino_t4
D:2:      layout_basic, minmay_pentomino_pile
D:3:      layout_rooms
D:4:      layout_basic, uniq_pikel
D:5:      layout_cave_pools, gup_sewer_entry_pipe
D:6:      layout_basic, lemuel_temple_firewalk_b, grunt_ministairs_5,
          bh_walls_and_bars
D:7:      layout_loops_ring, uniq_crazy_yiuf_cottage
D:8:      layout_basic, dpeg_lair_monsters, grunt_ministairs_14,
          nicolae_lava_and_water, grunt_decor_arrowhead,
          chequers_serial_rivers_room_a, serial_bayou_pond_a,
          uniq_prince_ribbit1
D:9:      layout_small_grid
D:10:     layout_small_grid, mainiacjoe_overflow_catwalk, erik_orc_3
Temple:   compressed_dpeg_triangle_lava_temple
Lair:1:   layout_regular_city, portal_ice_cave_entry_pillars_1, st_stairs_4,
          fungi_pond_lemuel, beast_lair_carwin_5
IceCv:    ice_cave_caverns_02

Skill      XL: |  1  2  3  4  5  6  7  8  9 10 11 |
---------------+----------------------------------+-----
Unarmed Combat | 1 2 |  2.5
Earth Magic    | 3 4 5 6 |  6.2
Fighting       | 1 2 4 5 7 |  7.7
Maces & Flails | 2 3 6 7 9 10 11 | 11.6
Dodging        | 2 3 |  3.0
Armour         | 2 3 |  3.1
Spellcasting   | 2 3 |  3.0
Stealth        | |  1.0
Transmutations | |  0.6

Action                   |  1- 3 |  4- 6 |  7- 9 | 10-12 || total
-------------------------+-------+-------+-------+-------++-------
Melee: Unarmed           |   126 |     4 |       |       ||   130
       Demon whip        |       |   127 |   317 |   386 ||   830
       Punch             |       |     1 |     5 |     8 ||    14
 Cast: Sandblast         |       |     2 |     1 |     2 ||     5
       Lee's Rapid Decon |       |       |       |     7 ||     7
  Use: Scroll            |       |    14 |     3 |    10 ||    27
       Potion            |       |       |       |     1 ||     1
 Stab: Sleeping          |     1 |     2 |       |       ||     3
       Distracted        |       |       |     1 |       ||     1
Armor: Robe              |    40 |    41 |    64 |    33 ||   178
       Troll leather arm |       |       |       |    47 ||    47
Dodge: Dodged            |    51 |    43 |   125 |   142 ||   361

Table legend: (Time is in decaauts)
 A = Elapsed time spent in this place.
 B = Non-inter-level travel time spent in this place.
 C = Inter-level travel time spent in this place.
 D = Time resting spent in this place.
 E = Time spent auto-exploring this place.
 F = Levels seen in this place.
 G = Mean time per level.
                   A        B        C        D        E       F      G
               +--------+--------+--------+--------+--------+-----+--------+
         Total |  10893 |  10091 |    802 |    572 |   5986 |  14 |  778.1 |
       Dungeon |   8381 |   7587 |    794 |    292 |   5002 |  10 |  838.1 |
        Temple |    338 |    330 |      8 |      0 |    300 |   1 |  338.0 |
          Lair |    199 |    199 |      0 |      0 |     12 |   1 |  199.0 |
         Sewer |    744 |    744 |      0 |      0 |    467 |   1 |  744.0 |
      Ice Cave |   1229 |   1229 |      0 |    280 |    204 |   1 | 1229.0 |
               +--------+--------+--------+--------+--------+-----+--------+

Top non-repeatable levels by time:
   IceCv: 1229 daAuts
     D:8: 1203 daAuts
     D:6: 1178 daAuts
     D:7: 1173 daAuts
     D:9: 858 daAuts
     D:5: 792 daAuts
     D:2: 753 daAuts
    D:10: 753 daAuts
   Sewer: 744 daAuts
     D:1: 740 daAuts
     D:4: 516 daAuts
     D:3: 411 daAuts
  Temple: 338 daAuts
  Lair:1: 199 daAuts
